 Dungeon Crawl Stone Soup version 0.30-a0-722-g3e6e8c874d (webtiles) character file.

Game seed: 6140259500962136064

32034 browni3141 the Grappler (level 13, -23/128 HPs)
             Began as a Troll Berserker on Jan 27, 2023.
             Was an Elder of Trog.
             Annihilated by Rupert
             ... wielding a +0 heavy great mace
              (51 damage)
             ... on level 12 of the Dungeon.
             The game lasted 00:24:46 (12250 turns).

browni3141 the Grappler (Troll Berserker)          Turns: 12250, Time: 00:24:47

Health: -23/128    AC:  6    Str: 32    XL:     13   Next: 29%
Magic:  12/12      EV: 11    Int:  1    God:    Trog [****..]
Gold:   1393       SH:  0    Dex:  9    Spells: 12/12 levels left

rFire   . . .      SeeInvis .      - Unarmed
rCold   . . .      Faith    .    (no shield)
rNeg    . . .      Spirit   .    P - +0 troll leather armour
rPois   .          Reflect  .    (helmet restricted)
rElec   .          Harm     .    (no cloak)
rCorr   .          Rampage  .    (gloves unavailable)
Will    ++...                    (boots unavailable)
Stlth   +                        (no amulet)
HPRegen 3.01/turn                t - ring of flight
MPRegen 0.13/turn                (no ring)

@: strong-willed, on berserk cooldown, flying, regenerating, hasted and slowed
A: large, unfitting armour, claws 3, regeneration 1, shaggy fur 1, tough skin 1,
antennae 1, dopey 1
a: Renounce Religion, Berserk, Trog's Hand, Brothers in Arms


You were on level 12 of the Dungeon.
You worshipped Trog.
Trog was greatly pleased with you.
You visited 2 branches of the dungeon, and saw 14 of its levels.
You also visited: Bailey.

You collected 1514 gold pieces.
You spent 121 gold pieces at shops.

Inventory:

Missiles
 i - 35 javelins
 r - 8 boomerangs
 s - 2 boomerangs of dispersal
 u - 3 atropa-tipped darts
 y - 21 large rocks (quivered)
 C - 2 throwing nets
 J - a curare-tipped dart
Armour
 a - a +0 animal skin
 p - a +0 tower shield
 I - a +2 robe of positive energy
 P - a +0 troll leather armour (worn)
Jewellery
 t - a ring of flight (left claw)
Wands
 q - a wand of polymorph (1)
 H - a wand of flame (28)
Scrolls
 c - 3 scrolls of enchant armour {unknown}
 d - 4 scrolls of noise {unknown}
 h - a scroll of vulnerability {unknown}
 j - 3 scrolls of poison {unknown}
 l - a scroll of brand weapon {unknown}
 m - 4 scrolls of teleportation {unknown}
 n - 3 scrolls of silence {unknown}
 o - 13 scrolls of identify {unknown}
 v - 2 scrolls of immolation {unknown}
 z - 2 scrolls of fear {unknown}
 D - a scroll of magic mapping {unknown}
 E - 5 scrolls of enchant weapon
 G - 2 scrolls of blinking {unknown}
 K - a scroll of torment {unknown}
 L - a scroll of amnesia {unknown}
Potions
 b - 7 potions of curing
 e - 3 potions of attraction
 f - 3 potions of lignification
 g - 2 potions of haste
 k - a potion of mutation
 w - a potion of cancellation
 x - a potion of heal wounds
 A - a potion of invisibility {unknown}
 B - a potion of flight
 F - a potion of resistance {unknown}
 N - 3 potions of brilliance {unknown}
 O - a potion of might {unknown}
Miscellaneous
 M - a phial of floods (inert)


   Skills:
 + Level 8.4 Fighting
 * Level 11.9 Throwing
 + Level 8.4 Dodging
 - Level 1.0 Stealth
 * Level 13.8 Unarmed Combat


You had 12 spell levels left.
You didn't know any spells.
Your spell library was empty.

Dungeon Overview and Level Annotations

Branches:
Dungeon (12/15)            Temple (0/1) D:4            Lair (0/5) D:10
    Orc (2/2) D:10            Elf (0/3) Orc:2        Bailey (visited)

Altars:
Ashenzari
Gozag
Nemelex Xobeh
Okawaru
Sif Muna
Xom
Zin
The Shining One

Shops:
Orc:2 [:[(

Annotations:
D:6 exclusion: hornet
D:12 Rupert


Innate Abilities, Weirdness & Mutations

You are too large for most types of armour.
You have claws for hands.
Your natural rate of healing is unusually fast.
You are covered in fur. (AC +1)
You have tough skin. (AC +1)
You have a pair of small antennae on your head.
You are dopey. (Int -2)


Message History

Rupert roars madly and goes into a rage!
Rupert goes berserk!
You barely miss Rupert. You eviscerate Rupert!!!
Rupert is moderately wounded.
Your ogre barely misses Rupert.
Rupert hits you with a +0 heavy great mace!!!
* * * LOW HITPOINT WARNING * * *
You hear a shout!
You feel a strong urge to attack something.
Your ogre hits Rupert with a +0 giant club!!
Rupert barely misses your ogre.
A troll opens the door.
Your ogre barely misses Rupert.
Rupert hits your ogre with a +0 heavy great mace!!!
Your ogre dies!
Your ogre's corpse disappears in a puff of smoke!
Found a scroll labelled NUXASK GEMINIM.
You feel your anger nearly subside. The troll bites you!
* * * LOW HITPOINT WARNING * * *
The troll misses you. The troll claws you!
* * * LOW HITPOINT WARNING * * *
There is an open door, spattered with blood here.
You scratch the troll but do no damage. You eviscerate the troll!!!
You kill the troll!
Trog accepts your kill.
The troll leather armour is intact enough to wear.
You are no longer berserk.
You are exhausted.
You feel yourself slow down.
Aiming: Polymorph
Press: ? - help, Shift-Dir - straight line, f - Rupert
Aim: Rupert, wielding a +0 heavy great mace and wearing a +0 chain mail of poison resistance (moderately wounded, berserk, will become a quicksilver dragon, a stone giant, or an emperor scorpion, chance to affect: 1%)
Okay, then.
Unknown command.
You feel yourself speed up.
Your ogre goes berserk!
Rupert hits you with a +0 heavy great mace!!!
You die...

..........#.#......#.....####
..........#.#......#.....#
.........#.#......#.....####
#####..............##)#......
... #.................#......
....##................#......
............#####......#......
...........8#[.?#...####....##
............@@..#..... .....#
###........8#.O.#..... .....#
#.........#####...# +##..#
#####..8.... .... ^.........
.....8....... ......#..#....
#####.#..#....


You could see Rupert (berserk, ally target) and a friendly ogre (summoned,
berserk).

Vanquished Creatures
  Saint Roka (Orc:2)
  Nessos (D:12)
  2 ogre magi
  15 two-headed ogres
  An iron troll (Orc:2)
  A deep troll (Orc:2)
  Pikel (D:7)
  An ugly thing (D:12)
  5 cyclopes
  The ghost of browni3141 the Ruffian, a novice TrBe of Trog (D:5)
  Maggie (D:8)
  A rime drake (shapeshifter) (D:10)
  Psyche (D:12)
  A tengu conjurer (D:8)
  12 trolls
  A wraith (D:10)
  3 wyverns
  A shadow (D:10)
  4 yaks (D:10)
  A basilisk (D:11)
  A steam dragon (D:7)
  2 wargs (Orc:2)
  2 two-headed ogre zombies (D:10)
  3 water moccasins
  25 orc warriors
  3 sky beasts
  A black bear (D:10)
  An ice beast (D:7)
  21 ogres
  19 centaurs
  A kobold brigand (D:6)
  A phantom (D:10)
  4 bullfrogs
  3 necrophages
  A gnoll sergeant (Orc:1)
  4 scorpions
  10 wights
  A troll zombie (D:10)
  6 killer bees
  8 howler monkeys
  2 hounds
  10 orc priests
  A gnoll bouda (D:6)
  An iguana (D:5)
  3 jellies
  Jessica (D:2)
  15 orc wizards
  Ijyb (D:4)
  Terence (D:2)
  5 ogre zombies (D:10)
  9 gnolls
  9 adders
  A white imp (D:3)
  A worm (D:5)
  5 dart slugs
  76 orcs
  2 ball pythons
  8 endoplasms
  3 giant cockroaches
  5 goblins
  2 hobgoblins
  3 jackals (D:2)
  11 kobolds
  2 quokkas (D:1)
  4 bats
  A frilled lizard (D:3)
  3 goblin skeletons (D:10)
  4 goblin zombies
  A hobgoblin skeleton (D:10)
  7 hobgoblin zombies
  A kobold skeleton (D:3)
  6 orc skeletons
  10 orc zombies
  2 rats
  2 butterflies (D:10)
390 creatures vanquished.

Vanquished Creatures (collateral kills)
  An ogre (Orc:2)
  An orc wizard (Orc:2)
2 creatures vanquished.

Vanquished Creatures (others)
  An orc wizard (Orc:1)
  A fungus (D:10)
  7 plants (D:10)
9 creatures vanquished.

Grand Total: 401 creatures vanquished

Notes
Turn   | Place    | Note
-------+----------+-------------------------------------------
     0 | D:1      | browni3141 the Troll Berserker began the quest for the Orb.
     0 | D:1      | Reached XP level 1. HP: 22/22 MP: 0/0
    38 | D:1      | Reached skill level 1 in Stealth
    38 | D:1      | Reached XP level 2. HP: 21/29 MP: 1/1
   204 | D:1      | Found a faded altar of an unknown god.
   494 | D:1      | Reached XP level 3. HP: 36/36 MP: 2/2
   804 | D:2      | Noticed Jessica
   812 | D:2      | Killed Jessica
   848 | D:2      | Reached XP level 4. HP: 44/44 MP: 3/3
   852 | D:2      | Noticed Terence
   863 | D:2      | Killed Terence
   863 | D:2      | Reached ** piety under Trog
   864 | D:2      | Reached skill level 4 in Unarmed Combat
  1302 | D:3      | Reached XP level 5. HP: 53/53 MP: 4/4
  1393 | D:3      | Found a glowing golden altar of the Shining One.
  2120 | D:3      | Found a broken altar of Ashenzari.
  2336 | D:4      | Identified the +6 long sword of the Unseen Realm {venom,
                  | Fragile rElec Will++}
  2344 | D:4      | Found a staircase to the Ecumenical Temple.
  2525 | D:4      | Noticed Ijyb
  2539 | D:4      | Killed Ijyb
  2540 | D:4      | Reached skill level 5 in Unarmed Combat
  2590 | D:4      | Reached skill level 1 in Throwing
  2590 | D:4      | Reached XP level 6. HP: 49/60 MP: 5/5
  3057 | D:5      | Entered Level 5 of the Dungeon
  3223 | D:5      | Reached XP level 7. HP: 56/65 MP: 6/6
  3256 | D:5      | Reached *** piety under Trog
  3412 | D:5      | Reached skill level 6 in Unarmed Combat
  3715 | D:5      | Found a runed translucent gate.
  3716 | D:5      | Found a runed translucent gate.
  3716 | D:5      | Noticed browni3141's ghost (novice TrBe)
  3738 | D:5      | Found a runed translucent gate.
  3754 | D:5      | Killed browni3141's ghost
  3755 | D:5      | Reached XP level 8. HP: 78/78 MP: 7/7
  4082 | D:6      | Found an opulent altar of Gozag.
  4138 | D:6      | Reached skill level 7 in Unarmed Combat
  4236 | D:6      | Reached **** piety under Trog
  4399 | D:6      | Noticed a hornet
  4501 | D:6      | Reached skill level 5 in Throwing
  4720 | D:7      | Reached XP level 9. HP: 74/80 MP: 8/8
  4844 | D:7      | Reached skill level 5 in Fighting
  4844 | D:7      | Reached skill level 8 in Unarmed Combat
  4849 | D:7      | Reached skill level 5 in Dodging
  5041 | D:7      | Noticed Pikel
  5053 | D:7      | Killed Pikel
  5471 | D:8      | Noticed Maggie
  5601 | D:8      | Killed Maggie
  5602 | D:8      | Reached skill level 9 in Unarmed Combat
  5742 | D:8      | Found the +0 staff of Battle
  5783 | D:8      | Noticed a tengu conjurer
  5792 | D:8      | Killed a tengu conjurer
  5793 | D:8      | Reached XP level 10. HP: 97/97 MP: 9/9
  6002 | D:8      | Noticed a two-headed ogre
  6012 | D:8      | Killed a two-headed ogre
  6170 | D:8      | Found a sparkling altar of Nemelex Xobeh.
  6681 | D:9      | Found a flagged portal.
  6729 | Bailey   | Entered a bailey
  6851 | Bailey   | Reached skill level 10 in Unarmed Combat
  7439 | Bailey   | Reached ***** piety under Trog
  7754 | D:9      | Found an iron altar of Okawaru.
  7934 | D:9      | Noticed a two-headed ogre
  7937 | D:9      | Killed a two-headed ogre
  7938 | D:9      | Reached XP level 11. HP: 107/107 MP: 10/10
  8362 | D:10     | Entered Level 10 of the Dungeon
  8377 | D:10     | Found a staircase to the Orcish Mines.
  8505 | D:10     | Found a shimmering altar of Xom.
  8523 | D:10     | Noticed a two-headed ogre
  8535 | D:10     | Killed a two-headed ogre
  8536 | D:10     | Reached skill level 11 in Unarmed Combat
  8652 | D:10     | Found a glowing silver altar of Zin.
  8746 | D:10     | Found a staircase to the Lair.
  9446 | Orc:1    | Entered Level 1 of the Orcish Mines
  9446 | Orc:1    | Noticed a two-headed ogre
  9469 | Orc:1    | Killed a two-headed ogre
  9766 | Orc:1    | You are sucked into a shaft and drop 1 floor!
  9766 | Orc:2    | Entered Level 2 of the Orcish Mines
  9839 | Orc:2    | Found a staircase to the Elven Halls.
  9856 | Orc:2    | Found a shimmering altar of Xom.
  9889 | Orc:2    | Noticed Saint Roka
  9991 | Orc:1    | Noticed a two-headed ogre
  9999 | Orc:1    | Killed a two-headed ogre
 10205 | Orc:2    | Reached skill level 12 in Unarmed Combat
 10206 | Orc:2    | Received a gift from Trog
 10253 | Orc:2    | Noticed a two-headed ogre
 10271 | Orc:2    | Killed a two-headed ogre
 10272 | Orc:2    | Reached skill level 10 in Throwing
 10272 | Orc:2    | Reached XP level 12. HP: 114/118 MP: 11/11
 10312 | Orc:2    | Noticed a two-headed ogre
 10320 | Orc:2    | Killed a two-headed ogre
 10388 | Orc:2    | Noticed a two-headed ogre
 10402 | Orc:2    | Killed a two-headed ogre
 10417 | Orc:2    | Noticed a two-headed ogre
 10447 | Orc:2    | Killed a two-headed ogre
 10540 | Orc:2    | Gained mutation: You are dopey. (Int -2) [potion of
                  | mutation]
 10540 | Orc:2    | Gained mutation: You have a pair of small antennae on your
                  | head. [potion of mutation]
 10685 | Orc:2    | Noticed a two-headed ogre
 10698 | Orc:2    | Killed a two-headed ogre
 10729 | Orc:2    | Noticed a two-headed ogre
 10775 | Orc:2    | Killed a two-headed ogre
 10885 | Orc:2    | Noticed a two-headed ogre
 10888 | Orc:2    | Noticed an ogre mage
 10918 | Orc:2    | Killed a two-headed ogre
 10941 | Orc:1    | Killed an ogre mage
 10942 | Orc:1    | Reached skill level 13 in Unarmed Combat
 11149 | Orc:2    | Killed Saint Roka
 11231 | Orc:2    | Noticed a two-headed ogre
 11240 | Orc:2    | Killed a two-headed ogre
 11241 | Orc:2    | Reached XP level 13. HP: 111/127 MP: 12/12
 11298 | Orc:2    | Found Musim's Antique Armour Shoppe.
 11313 | Orc:2    | Found Fiynao's Book Emporium.
 11326 | Orc:2    | Found Epluaf's Antique Armour Boutique.
 11336 | Orc:2    | Found Wegrenai's Antique Weapon Shoppe.
 11547 | Orc:2    | Bought a tower shield for 121 gold pieces
 11746 | D:11     | Found a shimmering blue altar of Sif Muna.
 12088 | D:12     | Noticed Psyche
 12089 | D:12     | Killed Psyche
 12178 | D:12     | Noticed Nessos
 12186 | D:12     | Killed Nessos
 12228 | D:12     | Noticed Rupert
 12250 | D:12     | Annihilated by Rupert

Illustrated notes

Levels and vault maps discovered:
D:1:      eino_arrival_water_star, layout_loops_cross,
          chequers_ecumenical_altar_lobes
D:2:      layout_rooms, uniq_terence, uniq_jessica
D:3:      layout_loops_corners, nicolae_tso_besieged_by_evil,
          mainiacjoe_overflow_alcove_4, grunt_ministairs_11,
          kennysheep_orc_chapel
D:4:      layout_basic, minmay_temple_entry_statues_pillars, uniq_ijyb
D:5:      layout_basic, ebering_ghost_rock_garden
D:6:      layout_loops_cross, lemuel_round_altar
D:7:      layout_loops_cross, uniq_pikel
D:8:      layout_rooms, nemelex_diamond_rough_becter,
          hellmonk_guarded_unrand_staff_of_battle, uniq_maggie
D:9:      layout_stronghold, okawaru_gym_becter, enter_bailey_8
D:10:     layout_gridville, nicolae_overflow_hidden_temple, xom_butterflies,
          grunt_lair_entry_orc_guard_hut, zombieorc2_lemuel, fungi_pond_lemuel
D:11:     layout_gridville, led_sif_pool
D:12:     layout_irregular_city, serial_column_ruins, column_ruins_hut,
          column_ruins_hut_pillars, column_ruins_columns_T,
          column_ruins_columns_dead_end, column_ruins_columns_straight,
          column_ruins_open_tiny, minmay_the_grid_square_5x5_3x3_mashed
          [minmay_the_grid_square_5x5_trominoes,
          minmay_the_grid_square_5x5_fat_x,
          minmay_the_grid_square_5x5_minivault,
          minmay_the_grid_square_5x5_minibox,
          minmay_the_grid_square_5x5_megaprize_checkered,
          minmay_the_grid_square_5x5_one_wall,
          minmay_the_grid_square_5x5_pentomino_r,
          minmay_the_grid_square_5x5_fancy_junction,
          minmay_the_grid_square_5x5_percent], uniq_lodul, uniq_nessos,
          uniq_psyche, uniq_rupert
Orc:1:    layout_caves, mines1_david
Orc:2:    st_orc_open, layout_diamond_mine, basic_altar, mines1_david,
          uniq_saint_roka

Skill      XL: |  1  2  3  4  5  6  7  8  9 10 11 12 |
---------------+-------------------------------------+-----
Stealth        | 1 |  1.0
Unarmed Combat | 4 5 6 7 9 10 12 13 | 13.8
Dodging        | 3 4 5 6 7 8 |  8.4
Fighting       | 3 4 5 6 7 8 |  8.4
Throwing       | 1 2 3 5 6 8 10 11 | 11.9

Action                     |  1- 3 |  4- 6 |  7- 9 | 10-12 | 13-15 || total
---------------------------+-------+-------+-------+-------+-------++-------
  Melee: Unarmed           |    48 |   149 |   271 |   553 |    53 ||  1074
         Punch             |       |     1 |     7 |    30 |     3 ||    41
  Throw: Javelin           |       |       |     5 |     1 |       ||     6
         Boomerang         |       |       |       |    67 |       ||    67
         Large rock        |       |       |       |     8 |    10 ||    18
         Dart              |       |       |       |     2 |       ||     2
 Invoke: Berserk           |     1 |     4 |     9 |    20 |     3 ||    37
         Trog's Hand       |       |       |     1 |     2 |     2 ||     5
         Brothers in Arms  |       |       |       |     1 |     2 ||     3
  Evoke: Wand              |       |       |       |     7 |       ||     7
         Phial of floods   |       |       |       |     1 |       ||     1
    Use: Potion            |       |       |       |    10 |     1 ||    11
   Stab: Sleeping          |     1 |     1 |       |       |       ||     2
 Armour: Animal skin       |    15 |    35 |    63 |     4 |       ||   117
         Robe              |       |       |       |   141 |       ||   141
         Troll leather arm |       |       |       |    10 |    31 ||    41
  Dodge: Dodged            |    24 |    77 |   107 |   364 |    42 ||   614

Table legend: (Time is in decaauts)
 A = Elapsed time spent in this place.
 B = Non-inter-level travel time spent in this place.
 C = Inter-level travel time spent in this place.
 D = Time resting spent in this place.
 E = Time spent auto-exploring this place.
 F = Levels seen in this place.
 G = Mean time per level.
                   A        B        C        D        E       F      G
               +--------+--------+--------+--------+--------+-----+--------+
         Total |  12356 |  11713 |    643 |   1342 |   7527 |  15 |  823.7 |
       Dungeon |   9341 |   8856 |    485 |    540 |   6543 |  12 |  778.4 |
  Orcish Mines |   2216 |   2058 |    158 |    668 |    698 |   2 | 1108.0 |
        Bailey |    798 |    798 |      0 |    134 |    285 |   1 |  798.0 |
               +--------+--------+--------+--------+--------+-----+--------+

Top non-repeatable levels by time:
   Orc:2: 1284 daAuts
    D:10: 1092 daAuts
     D:3: 1033 daAuts
     D:9: 1027 daAuts
     D:5: 948 daAuts
     D:7: 942 daAuts
   Orc:1: 932 daAuts
     D:8: 848 daAuts
     D:1: 813 daAuts
  Bailey: 798 daAuts
     D:4: 760 daAuts
     D:6: 752 daAuts
     D:2: 481 daAuts
    D:11: 472 daAuts
    D:12: 168 daAuts
